TOP OF THE 1ST |
Newark Bulldogs batting - Pitching for Springfield Simpsons : RHP Mark Anderson
|
Pitching: RHP Mark Anderson
|
|
Batting: RHB Peter Sexton
|
0-0: Ball 1-0: Ball 2-0: Called Strike 2-1: Called Strike 2-2: Ground out 5-3 (Groundball, 56S)
|
Batting: LHB Rocky Whitcomb
|
0-0: Foul Ball, location: 2F 0-1: Ball 1-1: Swinging Strike 1-2: Ball 2-2: Foul Ball, location: 2F 2-2: Foul Ball, location: 2F 2-2: Ball 3-2: Foul Ball, location: 2F 3-2: SINGLE (Line Drive, 9LM)
|
Batting: LHB Owen Moreno
|
0-0: Ball 1-0: Ball 2-0: Swinging Strike 2-1: Called Strike 2-2: Foul Ball, location: 2F 2-2: Ball 3-2: Strikes out swinging
|
Batting: LHB Lee Burton
|
0-0: Ball 1-0: Ball 2-0: SINGLE (Line Drive, 56D) Rocky Whitcomb to second
|
Batting: RHB Rob Bass
|
0-0: Ball 1-0: Ball 2-0: Ball 3-0: Base on Balls Rocky Whitcomb to third Lee Burton to second
|
Batting: RHB Jonas Uttley
|
0-0: Foul Ball, location: 2F 0-1: Ball 1-1: Ball 2-1: Fielders Choice at 2nd, 6-4 (Groundball, 6)
|
Top of the 1st over - 0 run(s), 2 hit(s), 0 error(s), 2 left on base; Newark 0 - Springfield 0 |
BOTTOM OF THE 1ST |
Springfield Simpsons batting - Pitching for Newark Bulldogs : RHP Tomás Pagán
|
Pitching: RHP Tomás Pagán
|
|
Batting: SHB Edgardo Osorio
|
0-0: Called Strike 0-1: Ball 1-1: Foul Ball, location: 2F 1-2: Foul Ball, location: 2F 1-2: DOUBLE (Flyball, 89XD)
|
Batting: RHB Manny Ramírez
|
0-0: SINGLE (Line Drive, 56) Edgardo Osorio to third Runner from 3rd tries for Home, throw and OUT! Manny Ramírez to second
|
Batting: RHB Ángel Garza
|
0-0: Called Strike Manny Ramírez steals 3rd base 0-1: Ball 1-1: Swinging Strike 1-2: Ball 2-2: Foul Ball, location: 2F 2-2: Ball 3-2: Strikes out looking
|
Batting: RHB Brant Sherman
|
0-0: Called Strike 0-1: Ball 1-1: Ball 2-1: Ball 3-1: Foul Ball, location: 2F 3-2: Fly out, F7 (Flyball, 7M)
|
Bottom of the 1st over - 0 run(s), 2 hit(s), 0 error(s), 1 left on base; Newark 0 - Springfield 0 |
TOP OF THE 2ND |
Newark Bulldogs batting - Pitching for Springfield Simpsons : RHP Mark Anderson
|
Batting: RHB Carl Byrd
|
0-0: Ground out 6-3 (Groundball, 6)
|
Batting: RHB Leonardo Pinto
|
0-0: Ball 1-0: Swinging Strike 1-1: Ball 2-1: Ball 3-1: Base on Balls
|
Batting: RHB António Flores
|
0-0: Ball Leonardo Pinto steals 2nd base 1-0: Foul Ball, location: 2F 1-1: Foul Ball, location: 2F 1-2: Ball 2-2: Strikes out swinging
|
Batting: RHB Peter Sexton
|
0-0: Foul Ball, location: 2F 0-1: Ball 1-1: Swinging Strike 1-2: Strikes out swinging
|
Top of the 2nd over - 0 run(s), 0 hit(s), 0 error(s), 1 left on base; Newark 0 - Springfield 0 |
BOTTOM OF THE 2ND |
Springfield Simpsons batting - Pitching for Newark Bulldogs : RHP Tomás Pagán
|
Batting: LHB Pedro Cerda
|
0-0: Ball 1-0: Ground out 4-3 (Groundball, 4M)
|
Batting: RHB Marcos Castillo
|
0-0: Ball 1-0: Called Strike 1-1: Ball 2-1: DOUBLE (Flyball, 9M)
|
Batting: SHB Bob Noble
|
0-0: Swinging Strike 0-1: SINGLE (Groundball, 34D) Marcos Castillo to third Runner from 3rd tries for Home, SAFE, throw made home
|
Batting: SHB José Cruz
|
0-0: Foul Ball, location: 2F 0-1: Ball 1-1: Foul Ball, location: 2F 1-2: Ball 2-2: Foul Ball, location: 2F 2-2: Foul Ball, location: 2F 2-2: Strikes out swinging
|
Batting: RHB Kawanari Hara
|
0-0: Called Strike 0-1: Ball 1-1: Reached on error, E5 (Groundball, 5S) Bob Noble to third
|
Batting: SHB Edgardo Osorio
|
0-0: Swinging Strike 0-1: Ball 1-1: Foul Ball, location: 2F 1-2: Foul Ball, location: 2F 1-2: Ball 2-2: Fly out, F6 (Popup, 6D)
|
Bottom of the 2nd over - 1 run(s), 2 hit(s), 1 error(s), 2 left on base; Newark 0 - Springfield 1 |
TOP OF THE 3RD |
Newark Bulldogs batting - Pitching for Springfield Simpsons : RHP Mark Anderson
|
Batting: LHB Rocky Whitcomb
|
0-0: Ball 1-0: Swinging Strike 1-1: Ball 2-1: Called Strike 2-2: Foul Ball, location: 2F 2-2: Foul Ball, location: 2F 2-2: Foul Ball, location: 2F 2-2: Ball 3-2: Foul Ball, location: 2F 3-2: Fly out, F7 (Flyball, 78M)
|
Batting: LHB Owen Moreno
|
0-0: Ball 1-0: Called Strike 1-1: Hit by Pitch
|
Batting: LHB Lee Burton
|
0-0: Ball Wild Pitch! Owen Moreno to second 1-0: SINGLE (Line Drive, 34) Owen Moreno to third Runner from 3rd tries for Home, SAFE, no throw or cutoff
|
Batting: RHB Rob Bass
|
0-0: Called Strike 0-1: Called Strike 0-2: Foul Ball, location: 2F 0-2: Ball 1-2: Strikes out looking
|
Batting: RHB Jonas Uttley
|
0-0: Ball 1-0: Ball 2-0: Called Strike 2-1: Called Strike 2-2: Ball 3-2: Strikes out swinging
|
Top of the 3rd over - 1 run(s), 1 hit(s), 0 error(s), 1 left on base; Newark 1 - Springfield 1 |
BOTTOM OF THE 3RD |
Springfield Simpsons batting - Pitching for Newark Bulldogs : RHP Tomás Pagán
|
Batting: RHB Manny Ramírez
|
0-0: Ball 1-0: Called Strike 1-1: Called Strike 1-2: Ball 2-2: Ball 3-2: Strikes out looking
|
Batting: RHB Ángel Garza
|
0-0: Ball 1-0: Ground out 5-3 (Groundball, 56S)
|
Batting: RHB Brant Sherman
|
0-0: Ball 1-0: Ball 2-0: Called Strike 2-1: Foul Ball, location: 2F 2-2: Strikes out swinging
|
Bottom of the 3rd over - 0 run(s), 0 hit(s), 0 error(s), 0 left on base; Newark 1 - Springfield 1 |
TOP OF THE 4TH |
Newark Bulldogs batting - Pitching for Springfield Simpsons : RHP Mark Anderson
|
Batting: RHB Carl Byrd
|
0-0: Ball 1-0: Foul Ball, location: 2F 1-1: Ball 2-1: Swinging Strike 2-2: Foul Ball, location: 2F 2-2: Ball 3-2: Ground out 6-3 (Groundball, 6)
|
Batting: RHB Leonardo Pinto
|
0-0: Called Strike 0-1: Hit by Pitch
|
Batting: RHB António Flores
|
0-0: Ball 1-0: Ball 2-0: Ball 3-0: Base on Balls Leonardo Pinto to second
|
Batting: RHB Peter Sexton
|
0-0: Called Strike 0-1: Ball 1-1: Called Strike Leonardo Pinto steals 3rd base António Flores to second 1-2: Strikes out swinging
|
Batting: LHB Rocky Whitcomb
|
0-0: Ball 1-0: Ball 2-0: Foul Ball, location: 2F 2-1: SINGLE (Groundball, 56D) Leonardo Pinto scores António Flores to third Runner from 3rd tries for Home, SAFE, no throw or cutoff
|
Batting: LHB Owen Moreno
|
0-0: Called Strike 0-1: Ground out 4-3 (Groundball, 4)
|
Top of the 4th over - 2 run(s), 1 hit(s), 0 error(s), 1 left on base; Newark 3 - Springfield 1 |
BOTTOM OF THE 4TH |
Springfield Simpsons batting - Pitching for Newark Bulldogs : RHP Tomás Pagán
|
Batting: LHB Pedro Cerda
|
0-0: Ball 1-0: Foul Ball, location: 2F 1-1: Ball 2-1: Foul Ball, location: 2F 2-2: SINGLE (Groundball, 34) (infield hit)
|
Batting: RHB Marcos Castillo
|
0-0: Ball 1-0: Ball 2-0: Called Strike 2-1: Ball 3-1: Foul Ball, location: 2F 3-2: Foul Ball, location: 2F 3-2: SINGLE (Line Drive, 6D) Pedro Cerda to second Pedro Cerda to third
|
Batting: SHB Bob Noble
|
0-0: Ball 1-0: Ball 2-0: Called Strike 2-1: Ball 3-1: SINGLE (Groundball, 3S) (infield hit) Pedro Cerda scores Marcos Castillo to second
|
Batting: SHB José Cruz
|
0-0: Called Strike 0-1: SINGLE (Line Drive, 89S) Marcos Castillo to third Bob Noble to second
|
Batting: RHB Kawanari Hara
|
0-0: Ball 1-0: Ball 2-0: Ball 3-0: Base on Balls Marcos Castillo scores Bob Noble to third José Cruz to second
|
Batting: SHB Edgardo Osorio
|
0-0: Grounds into fielders choice 1-2 (Groundball, 13) José Cruz to third Kawanari Hara to second
|
Batting: RHB Manny Ramírez
|
0-0: Called Strike 0-1: Ball 1-1: SINGLE (Line Drive, 56) José Cruz scores Kawanari Hara to third Edgardo Osorio to second Runner from 3rd tries for Home, SAFE, throw made home Edgardo Osorio to third Manny Ramírez to second
|
Pitching: LHP Weston Harper
|
|
Batting: RHB Ángel Garza
|
0-0: Swinging Strike 0-1: Foul Ball, location: 2F 0-2: Ball 1-2: Ball 2-2: Fly out, F8 (Flyball, 8LXD) Runner from 3rd tags up, SCORES, no throw Manny Ramírez to third
|
Batting: RHB Brant Sherman
|
0-0: Fly out, F9 (Popup, 34D)
|
Bottom of the 4th over - 5 run(s), 5 hit(s), 0 error(s), 1 left on base; Newark 3 - Springfield 6 |
TOP OF THE 5TH |
Newark Bulldogs batting - Pitching for Springfield Simpsons : RHP Mark Anderson
|
Pitching: RHP Ramón Sánchez
|
|
Batting: LHB Lee Burton
|
0-0: Called Strike 0-1: SINGLE (Line Drive, 7LS)
|
Batting: RHB Rob Bass
|
0-0: Foul Ball, location: 2F 0-1: SINGLE (Flyball, 7S) Lee Burton to second
|
Batting: RHB Jonas Uttley
|
0-0: Ball 1-0: Ball 2-0: Called Strike 2-1: Called Strike 2-2: Strikes out swinging
|
Batting: RHB Carl Byrd
|
0-0: Ball 1-0: Called Strike 1-1: Foul Ball, location: 2F 1-2: Ball 2-2: Ball 3-2: Fielders Choice at 2nd, 3-6 (Groundball, 34) Lee Burton to third
|
Batting: RHB Leonardo Pinto
|
0-0: Ball 1-0: Ball 2-0: Ball Carl Byrd steals 2nd base 3-0: Base on Balls
|
Batting: RHB António Flores
|
0-0: Called Strike 0-1: Ball 1-1: GRAND SLAM HOME RUN (Flyball, 7D), Distance : 362 ft
|
Pitching: RHP Steve Snyder
|
|
Batting: RHB Peter Sexton
|
0-0: Ball 1-0: Ball 2-0: Foul Ball, location: 2F 2-1: Fly out, F2 (Popup, 2RF)
|
Top of the 5th over - 4 run(s), 3 hit(s), 0 error(s), 0 left on base; Newark 7 - Springfield 6 |
BOTTOM OF THE 5TH |
Springfield Simpsons batting - Pitching for Newark Bulldogs : LHP Weston Harper
|
Batting: LHB Pedro Cerda
|
0-0: Ball 1-0: Called Strike 1-1: Ball 2-1: Foul Ball, location: 2F 2-2: Ball 3-2: Base on Balls
|
Batting: RHB Marcos Castillo
|
0-0: Called Strike 0-1: Foul Ball, location: 2F 0-2: Strikes out swinging
|
Batting: SHB Bob Noble
|
0-0: Called Strike 0-1: Ball 1-1: Ball 2-1: Called Strike 2-2: Ball 3-2: Foul Ball, location: 2F 3-2: Strikes out looking
|
Batting: SHB José Cruz
|
0-0: Called Strike 0-1: Swinging Strike 0-2: Foul Ball, location: 2F 0-2: Ball Pedro Cerda steals 2nd base 1-2: Strikes out looking
|
Bottom of the 5th over - 0 run(s), 0 hit(s), 0 error(s), 1 left on base; Newark 7 - Springfield 6 |
TOP OF THE 6TH |
Newark Bulldogs batting - Pitching for Springfield Simpsons : RHP Steve Snyder
|
Batting: LHB Rocky Whitcomb
|
0-0: Ball 1-0: Swinging Strike 1-1: Ball 2-1: Foul Ball, location: 2F 2-2: Strikes out swinging passed ball, reaches first!
|
Batting: LHB Owen Moreno
|
0-0: Ball 1-0: Swinging Strike 1-1: Ball Wild Pitch! Rocky Whitcomb to second 2-1: Ball Wild Pitch! Rocky Whitcomb to third 3-1: Base on Balls
|
Batting: LHB Lee Burton
|
0-0: Ball 1-0: Fly out, F7 (Line Drive, 7M) Runner from 3rd tags up, SCORES, throw made
|
Batting: RHB Rob Bass
|
0-0: Foul Ball, location: 2F 0-1: Ball 1-1: Ball 2-1: Swinging Strike 2-2: Ball 3-2: Fly out, F3 (Popup, 13)
|
Batting: RHB Jonas Uttley
|
0-0: Fly out, F8 (Popup, 8RS)
|
Top of the 6th over - 1 run(s), 0 hit(s), 0 error(s), 1 left on base; Newark 8 - Springfield 6 |
BOTTOM OF THE 6TH |
Springfield Simpsons batting - Pitching for Newark Bulldogs : LHP Weston Harper
|
Batting: RHB Kawanari Hara
|
0-0: Called Strike 0-1: Foul Ball, location: 2F 0-2: Ball 1-2: Strikes out looking
|
Batting: SHB Edgardo Osorio
|
0-0: Foul Ball, location: 2F 0-1: Ball 1-1: SOLO HOME RUN (Flyball, 8LXD), Distance : 431 ft
|
Batting: RHB Manny Ramírez
|
0-0: Foul Ball, location: 2F 0-1: Ball 1-1: Swinging Strike 1-2: Strikes out looking
|
Batting: RHB Ángel Garza
|
0-0: Ball 1-0: Swinging Strike 1-1: Ground out 6-3 (Groundball, 6M)
|
Bottom of the 6th over - 1 run(s), 1 hit(s), 0 error(s), 0 left on base; Newark 8 - Springfield 7 |
TOP OF THE 7TH |
Newark Bulldogs batting - Pitching for Springfield Simpsons : RHP Steve Snyder
|
Now at C: Valentín Ramírez
|
|
Batting: RHB Carl Byrd
|
0-0: Called Strike 0-1: Foul Ball, location: 2F 0-2: Strikes out swinging
|
Batting: RHB Leonardo Pinto
|
0-0: Ball 1-0: Ball 2-0: Ball 3-0: Called Strike 3-1: Base on Balls
|
Batting: RHB António Flores
|
0-0: Foul Ball, location: 2F 0-1: Swinging Strike 0-2: Ball 1-2: Foul Ball, location: 2F 1-2: Ball Leonardo Pinto steals 2nd base 2-2: Strikes out swinging
|
Pinch Hitting: LHB José Franco
|
0-0: Foul Ball, location: 2F 0-1: Ball 1-1: Ball 2-1: Ball 3-1: Called Strike 3-2: Foul Ball, location: 2F 3-2: Base on Balls
|
Batting: LHB Rocky Whitcomb
|
0-0: Ball 1-0: Called Strike 1-1: Ground out 4-3 (Groundball, 4)
|
Top of the 7th over - 0 run(s), 0 hit(s), 0 error(s), 2 left on base; Newark 8 - Springfield 7 |
BOTTOM OF THE 7TH |
Springfield Simpsons batting - Pitching for Newark Bulldogs : LHP Weston Harper
|
Pitching: LHP Manuel Paz
|
|
Now at SS: Jason Smith
|
|
Batting: RHB Brant Sherman
|
0-0: Reached on error, E5 (Groundball, 5L)
|
Pinch Hitting: SHB Dave Lee
|
0-0: Foul Ball, location: 2F 0-1: Ball 1-1: Swinging Strike 1-2: DOUBLE (Line Drive, 9LM) Brant Sherman to third Runner from 3rd tries for Home, throw and OUT! Dave Lee to third
|
Batting: RHB Marcos Castillo
|
0-0: Ball 1-0: Ball 2-0: Ball 3-0: Called Strike 3-1: Base on Balls
|
Pinch Hitting: RHB Esteban Salas
|
0-0: Called Strike 0-1: Ball 1-1: Ball 2-1: Called Strike 2-2: Ball 3-2: SINGLE (Groundball, 4) Dave Lee scores Marcos Castillo to second Marcos Castillo to third
|
Pinch Hitting: SHB Kevin Vickers
|
0-0: Grounds into double play, 5-4-3 (Groundball, 5)
|
Bottom of the 7th over - 1 run(s), 2 hit(s), 1 error(s), 1 left on base; Newark 8 - Springfield 8 |
TOP OF THE 8TH |
Newark Bulldogs batting - Pitching for Springfield Simpsons : RHP Steve Snyder
|
Pitching: RHP Ryan Klein
|
|
Now at 2B: Dave Lee
|
|
Now at SS: Esteban Salas
|
|
Now in CF: Tomás Galindo
|
|
Pinch Hitting: LHB Eugene Miller
|
0-0: Fly out, F7 (Flyball, 7M)
|
Batting: LHB Lee Burton
|
0-0: Ball 1-0: Swinging Strike 1-1: Ball 2-1: Ball 3-1: Ground out 1-3 (Groundball, 13)
|
Batting: RHB Rob Bass
|
0-0: Foul Ball, location: 2F 0-1: Ball 1-1: Ball 2-1: Ball 3-1: Ground out 3-1 (Groundball, 3)
|
Top of the 8th over - 0 run(s), 0 hit(s), 0 error(s), 0 left on base; Newark 8 - Springfield 8 |
BOTTOM OF THE 8TH |
Springfield Simpsons batting - Pitching for Newark Bulldogs : LHP Manuel Paz
|
Now in CF: Perry Henry
|
|
Batting: RHB Valentín Ramírez
|
0-0: SINGLE (Flyball, 89M)
|
Batting: SHB Edgardo Osorio
|
0-0: Foul Ball, location: 2F 0-1: Foul Ball, location: 2F 0-2: Strikes out swinging
|
Batting: RHB Manny Ramírez
|
0-0: Called Strike 0-1: Foul Ball, location: 2F 0-2: Ball 1-2: Strikes out swinging
|
Batting: RHB Ángel Garza
|
0-0: Called Strike 0-1: Foul Ball, location: 2F 0-2: Strikes out looking
|
Bottom of the 8th over - 0 run(s), 1 hit(s), 0 error(s), 1 left on base; Newark 8 - Springfield 8 |
TOP OF THE 9TH |
Newark Bulldogs batting - Pitching for Springfield Simpsons : RHP Ryan Klein
|
Pitching: LHP Rubén Rico
|
|
Batting: RHB Jonas Uttley
|
0-0: Ball 1-0: Ball 2-0: Called Strike 2-1: Foul Ball, location: 2F 2-2: Ball 3-2: Ground out 2-3 (Groundball, 13S)
|
Batting: RHB Carl Byrd
|
0-0: Called Strike 0-1: Fly out, F8 (Flyball, 8LD)
|
Batting: RHB Leonardo Pinto
|
0-0: Called Strike 0-1: Ball 1-1: Foul Ball, location: 2F 1-2: DOUBLE (Line Drive, 7LM)
|
Batting: RHB António Flores
|
0-0: Called Strike 0-1: Ball 1-1: Ball 2-1: Foul Ball, location: 2F 2-2: Ball 3-2: Foul Ball, location: 2F 3-2: Base on Balls
|
Batting: RHB Jason Smith
|
0-0: Called Strike 0-1: Ball 1-1: Ball 2-1: Swinging Strike 2-2: Ball 3-2: Base on Balls Leonardo Pinto to third António Flores to second
|
Pinch Hitting: RHB Gabriel Villegas
|
0-0: Foul Ball, location: 2F 0-1: Called Strike 0-2: Foul Ball, location: 2F 0-2: Strikes out swinging
|
Top of the 9th over - 0 run(s), 1 hit(s), 0 error(s), 3 left on base; Newark 8 - Springfield 8 |
BOTTOM OF THE 9TH |
Springfield Simpsons batting - Pitching for Newark Bulldogs : LHP Manuel Paz
|
Now at C: Gabriel Villegas
|
|
Batting: RHB Brant Sherman
|
0-0: Ball 1-0: Swinging Strike 1-1: Swinging Strike 1-2: Strikes out swinging
|
Batting: SHB Dave Lee
|
0-0: Ball 1-0: Called Strike 1-1: Swinging Strike 1-2: Strikes out looking
|
Batting: RHB Marcos Castillo
|
0-0: Ball 1-0: Foul Ball, location: 2F 1-1: Foul Ball, location: 2F 1-2: Ball 2-2: Foul Ball, location: 2F 2-2: Ball 3-2: Base on Balls
|
Batting: RHB Esteban Salas
|
0-0: Ground out 5-3 (Groundball, 5)
|
Bottom of the 9th over - 0 run(s), 0 hit(s), 0 error(s), 1 left on base; Newark 8 - Springfield 8 |
TOP OF THE 10TH |
Newark Bulldogs batting - Pitching for Springfield Simpsons : LHP Rubén Rico
|
Batting: RHB Perry Henry
|
0-0: Called Strike 0-1: SOLO HOME RUN (Flyball, 7D), Distance : 370 ft
|
Batting: LHB Lee Burton
|
0-0: Called Strike 0-1: Foul Ball, location: 2F 0-2: Strikes out looking
|
Batting: RHB Rob Bass
|
0-0: Foul Ball, location: 2F 0-1: Ball 1-1: SINGLE (Flyball, 9LS)
|
Batting: RHB Jonas Uttley
|
0-0: Grounds into double play, 5-4-3 (Groundball, 56)
|
Top of the 10th over - 1 run(s), 2 hit(s), 0 error(s), 0 left on base; Newark 9 - Springfield 8 |
BOTTOM OF THE 10TH |
Springfield Simpsons batting - Pitching for Newark Bulldogs : LHP Manuel Paz
|
Pitching: RHP Júlio Sandoval
|
|
Batting: RHB Tomás Galindo
|
0-0: Ball 1-0: Called Strike 1-1: Foul Ball, location: 2F 1-2: Strikes out looking
|
Pinch Hitting: RHB António López
|
0-0: Called Strike 0-1: Ball 1-1: Ball 2-1: Foul Ball, location: 2F 2-2: Strikes out looking
|
Batting: SHB Edgardo Osorio
|
0-0: Ball 1-0: SINGLE (Flyball, 8RS)
|
Batting: RHB Manny Ramírez
|
0-0: Ball 1-0: SINGLE (Flyball, 89S) Edgardo Osorio to second Runner from 2nd tries for 3rd, SAFE, no throw or cutoff
|
Batting: RHB Ángel Garza
|
0-0: Ball 1-0: Foul Ball, location: 2F 1-1: Ball 2-1: Foul Ball, location: 2F 2-2: Strikes out swinging
|
Bottom of the 10th over - 0 run(s), 2 hit(s), 0 error(s), 2 left on base; Newark 9 - Springfield 8 |
|